 Dungeon Sprint DCSS version 0.30-a0-359-gd0147acb1a (webtiles) character file.

Game seed: 6493249124308325720

674 fingers the Basher (level 7, 0/52 HPs)
             Began as a Tengu Berserker on Nov 11, 2022.
             Was an Elder of Trog.
             Slain by an unseen horror (6 damage)
             ... in the Dungeon (Sprint IX: "|||||||||||||||||||||||||||||").
             The game lasted 00:01:16 (301 turns).

fingers the Basher (Tengu Berserker)                 Turns: 301, Time: 00:01:17

Health: 0/52       AC:  9    Str: 19    XL:     7   Next: 59%
Magic:  8/8        EV: 17    Int:  8    God:    Trog [****..]
Gold:   0          SH:  0    Dex: 13    Spells: 6/6 levels left

rFire   . . .      SeeInvis .    i - +4 flail (protect)
rCold   . . .      Faith    .    (no shield)
rNeg    . . .      Spirit   .    b - +0 animal skin
rPois   .          Reflect  .    (helmet restricted)
rElec   .          Harm     .    (no cloak)
rCorr   .          Rampage  .    (no gloves)
Will    .....      NoTele   +    (boots unavailable)
Stlth   ++........               (no amulet)
HPRegen 0.28/turn                (no ring)
MPRegen 0.11/turn                (no ring)

@: under a protective aura, on berserk cooldown, flying quickly and evasively,
slowed, very slow
A: beak, talons 3, nimble flight
a: Renounce Religion, Berserk, Trog's Hand, Brothers in Arms


You were in the Dungeon.
You worshipped Trog.
Trog was greatly pleased with you.
You visited 1 branch

Inventory:

Hand Weapons
 a - a +0 mace
 i - a +4 flail of protection (weapon)
 r - a +2 vorpal morningstar
Armour
 b - a +0 animal skin (worn)
 n - a +1 chain mail
 o - a +0 pair of gloves
 p - a +0 pair of boots
Jewellery
 l - a +2 ring of evasion
 m - a +2 ring of protection
Wands
 k - a wand of light (10)
Scrolls
 h - 2 scrolls of blinking
 q - 2 scrolls of amnesia
Potions
 c - 5 potions of curing
 d - 3 potions of heal wounds
 e - a potion of haste
 f - 4 potions of magic
 g - a potion of berserk rage
 j - a potion of invisibility


   Skills:
 + Level 9.9 Fighting
 + Level 12.0 Maces & Flails
 + Level 5.9 Armour
 + Level 6.5 Dodging
 + Level 1.0 Stealth


You had 6 spell levels left.
You didn't know any spells.
Your spell library was empty.

Dungeon Overview and Level Annotations

Branches:
Dungeon (1/1)

Altars:
Cheibriados
Dithmenos
Elyvilon
Fedhas
Gozag
Hepliaklqana
Kikubaaqudgha
Makhleb
Nemelex Xobeh
Okawaru
Qazlal
Ru
Sif Muna
Trog
Uskayaw
Vehumet
Wu Jian
Xom
Yredelemnul
Zin
The Shining One
Jiyva
Lugonu


Innate Abilities, Weirdness & Mutations

You have a beak for a mouth.
You have claws for feet.
Your magical nature lets you fly swiftly and evasively.


Message History

Your Dodging skill increases to level 6!
The yak gores you but does no damage.
Things that are here:
a +0 halberd; a +0 chain mail You barely miss the yak.
Your kick misses the yak. You bludgeon the yak!!
The yak is heavily wounded.
The yak gores you but does no damage.
You barely miss the yak.
The yak is heavily wounded.
You thump the yak! You claw the yak!
The yak is almost dead.
The yak barely misses you.
You bludgeon the yak!!
You kill the yak!
Trog accepts your kill.
Your Maces & Flails skill increases to level 12!
Your Stealth skill increases to level 1!
Deactivating autopickup; reactivate with Ctrl-A.
You sock something! Your kick misses something. Something hits you!
* * * LOW HITPOINT WARNING * * *
You closely miss something. Your kick misses something.
Something hits you but does no damage.
You closely miss something.
You are no longer berserk.
You are exhausted.
You feel yourself slow down. Something hits you.
* * * LOW HITPOINT WARNING * * *
Something hits you!
* * * LOW HITPOINT WARNING * * *
Something hits you but does no damage. Something closely misses you.
Something hits you.
* * * LOW HITPOINT WARNING * * *
You thump something!
Your weapon exudes an aura of protection.
You claw something. Your peck misses something. Something hits you.
* * * LOW HITPOINT WARNING * * *
You completely miss something. Your kick misses something.
Something hits you but does no damage. Something hits you.
You die... ▓▓▓▓▓▓▓▓▓▓▓▓▓▓▓▓▓▓▓ +.@...)†......)..'_ ▓▓▓▓▓▓▓▓▓▓▓▓▓▓▓▓▓▓▓

There were no monsters in sight!

Vanquished Creatures
  3 yaks (D)
  An orc warrior (D)
  A killer bee (D)
  A howler monkey (D)
  A hound (D)
  A jelly (D)
  A dart slug (D)
  2 orcs (D)
  2 endoplasms (D)
  A kobold (D)
  A rat (D)
15 creatures vanquished.

Notes
Turn   | Place    | Note
-------+----------+-------------------------------------------
     0 | D        | fingers the Tengu Berserker began the quest for the Orb.
     0 | D        | Reached XP level 1. HP: 14/14 MP: 2/2
     8 | D        | Reached ** piety under Trog
    10 | D        | Reached skill level 4 in Maces & Flails
    14 | D        | Reached XP level 2. HP: 14/20 MP: 3/3
   140 | D        | Noticed a howler monkey
   146 | D        | Reached *** piety under Trog
   147 | D        | Reached skill level 5 in Fighting
   147 | D        | Reached skill level 5 in Maces & Flails
   147 | D        | Reached XP level 3. HP: 26/26 MP: 4/4
   149 | D        | Reached skill level 6 in Maces & Flails
   149 | D        | Reached XP level 4. HP: 27/31 MP: 5/5
   151 | D        | Reached skill level 7 in Maces & Flails
   157 | D        | Found a snail-covered altar of Cheibriados.
   157 | D        | Found a shadowy altar of Dithmenos.
   157 | D        | Found a white marble altar of Elyvilon.
   157 | D        | Found a blossoming altar of Fedhas.
   157 | D        | Found an opulent altar of Gozag.
   158 | D        | Found a hazy altar of Hepliaklqana.
   159 | D        | Found a viscous altar of Jiyva.
   160 | D        | Found an ancient bone altar of Kikubaaqudgha.
   214 | D        | Found a corrupted altar of Lugonu.
   215 | D        | Found a burning altar of Makhleb.
   216 | D        | Found a sparkling altar of Nemelex Xobeh.
   217 | D        | Found an iron altar of Okawaru.
   218 | D        | Found a stormy altar of Qazlal.
   219 | D        | Found a sacrificial altar of Ru.
   220 | D        | Found a shimmering blue altar of Sif Muna.
   221 | D        | Found a bloodstained altar of Trog.
   222 | D        | Found a hide-covered altar of Uskayaw.
   223 | D        | Found a radiant altar of Vehumet.
   224 | D        | Found an ornate altar of the Wu Jian Council.
   225 | D        | Found a shimmering altar of Xom.
   226 | D        | Found a basalt altar of Yredelemnul.
   227 | D        | Found a glowing silver altar of Zin.
   228 | D        | Found a glowing golden altar of the Shining One.
   272 | D        | Noticed a yak
   272 | D        | Noticed an orc warrior
   272 | D        | Noticed a yak
   272 | D        | Noticed a yak
   278 | D        | Killed a yak
   279 | D        | Reached skill level 9 in Maces & Flails
   279 | D        | Reached skill level 5 in Dodging
   279 | D        | Gained mutation: Your magical nature lets you fly swiftly
                  | and evasively. [Tengu growth]
   279 | D        | Reached XP level 5. HP: 23/39 MP: 6/6
   279 | D        | Reached XP level 6. HP: 27/44 MP: 7/7
   280 | D        | Reached **** piety under Trog
   281 | D        | Reached skill level 5 in Armour
   283 | D        | Killed a yak
   284 | D        | Reached skill level 11 in Maces & Flails
   284 | D        | Reached XP level 7. HP: 30/51 MP: 8/8
   292 | D        | Killed a yak
   293 | D        | Reached skill level 12 in Maces & Flails
   293 | D        | Reached skill level 1 in Stealth
   301 | D        | Slain by an unseen horror

Illustrated notes

Levels and vault maps discovered:
D:        linesprint [early_d, line_temple, items_1, d_10, items_2, lair_1,
          lair_end, items_3, orc_1, orc_end, items_4, d_15, swamp_1, shoals_1,
          snake_1, spider_1, d_20, vaults_1, items_5, swamp_end, shoals_end,
          snake_end, spider_end, vaults_end, d_27, items_6, zot_1, zot_end,
          crypt_end, forest_end, elf_end, slime_end, tomb_end, abyss_end,
          pan_hell_end]

Skill      XL: |  1  2  3  4  5  6  7 |
---------------+----------------------+-----
Maces & Flails | 4 5 6 9 11 12 | 12.0
Fighting       | 5 7 9 |  9.9
Armour         | 3 4 5 |  5.9
Dodging        | 3 5 6 |  6.5
Stealth        | 1 |  1.0

Action                   |  1- 3 |  4- 6 |  7- 9 || total
-------------------------+-------+-------+-------++-------
Melee: Mace              |    14 |     2 |       ||    16
       Kick              |     4 |     5 |     3 ||    12
       Flail             |       |    10 |    12 ||    22
       Peck              |       |     3 |       ||     3
Invok: Berserk           |     1 |     1 |       ||     2
Armor: Animal skin       |     1 |     3 |     5 ||     9
Dodge: Dodged            |     5 |       |     3 ||     8

Table legend: (Time is in decaauts)
 A = Elapsed time spent in this place.
 B = Non-inter-level travel time spent in this place.
 C = Inter-level travel time spent in this place.
 D = Time resting spent in this place.
 E = Time spent auto-exploring this place.
 F = Levels seen in this place.
 G = Mean time per level.
                   A        B        C        D        E       F      G
               +--------+--------+--------+--------+--------+-----+--------+
         Total |    302 |    302 |      0 |    155 |     18 |   1 |  302.0 |
       Dungeon |    302 |    302 |      0 |    155 |     18 |   1 |  302.0 |
               +--------+--------+--------+--------+--------+-----+--------+

Top non-repeatable levels by time:
       D: 302 daAuts
